 Dungeon Crawl Stone Soup version 0.20.0 (webtiles) character file.

705457 MatthieuS the Slayer (level 27, -4/251 HPs)
             Began as a Centaur Hunter on July 30, 2017.
             Was a High Priest of Okawaru.
             Slain by an ancient zyme (12 damage)
             ... while paralysed by accursed screaming
             ... on level 3 of the Abyss on July 31, 2017.
             The game lasted 06:45:00 (80831 turns).

MatthieuS the Slayer (Centaur Hunter)              Turns: 80831, Time: 06:45:01

Health: -4/251     AC: 27    Str: 21    XL:     27
Magic:  31/31      EV:  1    Int:  8    God:    Okawaru [*****.]
Gold:   3078       SH:  0    Dex:  5    Spells: 13/26 levels left

rFire    + + +     SeeInvis +   a - +11 falchion of Imminent Death {slice, rN+ Dex-2 SInv}
rCold    + + +     Gourm    .   h - +2 large shield {reflect}
rNeg     + + .     Faith    .   X - +2 troll leather armour "Roalu Tioc" {rElec rF+ Regen+ Dex-2}
rPois    .         Spirit   .   H - +1 hat of Mesmis {rElec MR+ Dex-4}
rElec    +         Reflect  +   P - scarf {rC+ rF+}
rCorr    .         Harm     .   N - +2 pair of gloves {Dex+3}
MR       +++++     Rnd*Rage +   i - +3 centaur barding "Niaheagosk" {+Blink rF- MR+ Slay+6} Stlth ..........Rnd*Tele +
                                Y - amulet "Xiukk" {RegenMP rC+++}
Regen    1.0/turn               k - ring of Husochiq {rF++ rN+ MR+ Dex-5}
MPRegen  0.4/turn               (no ring)

@: paralysed, about to teleport, finesse, very quick
A: antennae 1, hooves 3, large bone plates 1, thin metallic scales 1, yellow
scales 1, berserk 1, deformed body, deterioration 1, [dopey 1], fire resistance
1, speed 2, magic resistance 1, screaming 1, teleportitis 1, tough skin 3, weak
1, [no potion heal 1]
}: 5/15 runes: serpentine, barnacled, slimy, silver, abyssal
a: Heroism, Finesse, Renounce Religion, Evoke Blink


You were on level 3 of the Abyss.
You worshipped Okawaru.
Okawaru was extremely pleased with you.
You were not hungry.

You visited 11 branches of the dungeon, and saw 51 of its levels.
You visited the Abyss 1 time.
You visited 2 bazaars.
You also visited: Trove, Ice Cave and Wizlab.

You collected 9652 gold pieces.
You spent 6574 gold pieces at shops.

Inventory:

Hand Weapons
 a - the +11 falchion of Imminent Death (weapon) {slice, rN+ Dex-2 SInv}
   (Okawaru gifted it to you on level 4 of the Vaults)

   It inflicts extra damage upon your enemies.
   It affects your dexterity (-2).
   It protects you from negative energy.
   It lets you see invisible.
Missiles
 l - 6 javelins of returning
 n - 86 javelins
 r - 10 silver javelins
 v - 16 steel javelins (quivered)
 w - 33 poisoned javelins
 W - 26 javelins of penetration
Armour
 h - a +2 large shield of reflection (worn)
 i - the +3 centaur barding "Niaheagosk" (worn) {+Blink rF- MR+ Slay+6}
   (Okawaru gifted it to you on level 15 of the Dungeon)

   It affects your accuracy and damage with ranged weapons and melee attacks
   (+6).
   It makes you vulnerable to fire.
   It affects your resistance to hostile enchantments.
   It lets you blink.
 H - the +1 hat of Mesmis (worn) {rElec MR+ Dex-4}
   (Okawaru gifted it to you on level 4 of the Pits of Slime)

   It affects your dexterity (-4).
   It insulates you from electricity.
   It affects your resistance to hostile enchantments.
 N - a +2 pair of gloves of dexterity (worn)
 P - a scarf of resistance (worn)
 X - the +2 troll leather armour "Roalu Tioc" (worn) {rElec rF+ Regen+ Dex-2}
   (You bought it in a shop in a bazaar)

   It affects your dexterity (-2).
   It protects you from fire.
   It insulates you from electricity.
   It increases your rate of regeneration.
Jewellery
 k - the ring of Husochiq (left hand) {rF++ rN+ MR+ Dex-5}
   (You took it off a deep elf high priest on level 3 of the Elven Halls)

   [ring of protection from magic]

   It affects your dexterity (-5).
   It greatly protects you from fire.
   It protects you from negative energy.
   It affects your resistance to hostile enchantments.
 o - the ring of Zevvuo {Fire +Inv rElec rPois Stlth+}
   (You acquired it on level 5 of the Depths)

   [ring of fire]

   It enhances your fire magic.
   It protects you from fire.
   It makes you vulnerable to cold.
   It insulates you from electricity.
   It protects you from poison.
   It lets you turn invisible.
   It makes you more stealthy.
 O - the ring "Piodo" {-Tele +Fly Dex+8 Slay+3}
   (You took it off a deep elf blademaster on level 3 of the Elven Halls)

   [ring of flight]

   It affects your dexterity (+8).
   It affects your accuracy and damage with ranged weapons and melee attacks
   (+3).
   It lets you fly.
   It prevents most forms of teleportation.
 T - an uncursed ring of resist corrosion
 Y - the amulet "Xiukk" (around neck) {RegenMP rC+++}
   (You found it on level 3 of the Elven Halls)

   [amulet of magic regeneration]

   It increases your magic regeneration.
   It renders you almost immune to cold.
Wands
 S - a wand of digging (7/24)
Scrolls
 c - 24 scrolls of teleportation
 d - 10 scrolls of fear
 j - 2 scrolls of enchant weapon
 m - 36 scrolls of remove curse
 s - 3 scrolls of magic mapping
 u - 2 scrolls of blinking
 I - 8 scrolls of fog
 J - 7 scrolls of holy word
 M - 2 scrolls of summoning
 V - a scroll of brand weapon
Potions
 b - a potion of haste
 e - 2 potions of resistance
 q - a potion of magic
 t - 2 potions of cancellation
 x - a potion of mutation
 y - 2 potions of ambrosia
 E - 2 potions of might
 G - 15 potions of curing
 R - 2 potions of invisibility
 U - 2 potions of agility
Miscellaneous
 A - 3 boxes of beasts
 F - a fan of gales
Comestibles
 f - 25 bread rations
 g - 5 fruits
 p - 14 royal jellies
 B - 25 meat rations


   Skills:
 + Level 21.5 Fighting
 - Level 20.8 Long Blades
 - Level 19.5 Throwing
 + Level 13.6 Armour
 + Level 18.5 Dodging
 - Level 0.4 Stealth
 - Level 13.0 Shields
 - Level 7.7 Hexes
 - Level 7.0 Fire Magic
 - Level 11.1 Invocations


You had 13 spell levels left.
You knew the following spells:

 Your Spells              Type           Power        Failure   Level  Hunger
a - Inner Flame           Hex/Fire       ##......     11%         3    ####...
b - Tukima's Dance        Hex            ##......     9%          3    ####...
c - Sticky Flame          Conj/Fire      #.......     86%         4    #####..
d - Regeneration          Chrm/Necr      #.........   91%         3    ####...


Dungeon Overview and Level Annotations

Branches:
Dungeon (15/15)            Temple (1/1) D:7            Lair (6/6) D:10
 Shoals (4/4) Lair:3        Snake (4/4) Lair:2        Slime (5/5) Lair:5
    Orc (2/2) D:12            Elf (3/3) Orc:2        Vaults (5/5) D:14
  Crypt (0/3) Vaults:3     Depths (5/5) D:15           Hell (1/1)
    Zot (0/5) Depths:5
    Dis: Hell:1         Geh: Hell:1         Coc: Hell:1         Tar: Hell:1

Altars:
Ashenzari
Dithmenos
Gozag
Hepliaklqana
Kikubaaqudgha
Makhleb
Nemelex Xobeh
Okawaru
Ru
Trog
Vehumet
Xom
Yredelemnul
Zin
Beogh
Jiyva

Shops:
D:7 %!   Orc:2 (:*[   Elf:2 ?   Snake:2 *(:!:=(   Snake:4 [![:   Vaults:2 !
Vaults:3 =   Depths:2 (}=}   Depths:5 }

Portals:
Hell: Depths:1 Depths:2 Depths:3 Depths:4 Depths:5
Pandemonium: Depths:1 Depths:3 Depths:5
Ziggurat: Depths:5

Annotations:
Orc:1 1 transporter
Hell Geryon


Innate Abilities, Weirdness & Mutations

You have hooves in place of feet.
Armour fits poorly on your strangely shaped body.
You cover ground very quickly.
You have extremely tough skin. (AC +3)
You have a pair of small antennae on your head.
You are partially covered in large bone plates. (SH +4)
You are partially covered in thin metallic scales. (AC +2)
You are partially covered in yellow scales. (AC +2)
You tend to lose your temper in combat.
Your body sometimes deteriorates upon taking damage.
Your flesh is heat resistant. (rF+)
You are resistant to hostile enchantments. (MR+)
You occasionally shout uncontrollably at your foes.
You are occasionally teleported next to monsters.
You are weak. (Str -2)
[You are dopey. (Int -2)]
[Potions are less effective at restoring your health.]


Message History

The ufetubus shouts!
You block the ancient zyme's attack. x2
The balrug gestures at you. Something smites you!
* * * LOW HITPOINT WARNING * * *
A small abomination comes into view.
Your system partially rejects the healing.
You feel better.
A cacophony of accursed wailing tears at your sanity!
* * * LOW HITPOINT WARNING * * *
You suddenly lose the ability to move!
The large abomination hits you!
* * * LOW HITPOINT WARNING * * *
You feel yourself growing ill in the presence of the ancient zyme.
A starcursed mass splits.
A cacophony of accursed wailing tears at your sanity!
* * * LOW HITPOINT WARNING * * *
The large abomination hits you!
* * * LOW HITPOINT WARNING * * *
The ancient zyme hits you!
You die...

.. ..# .. ..##
#..##. ....
..... .. ...
.... ... #..
#..# ..#
..##.x##..##..##
................
.......@x..x....
..##.X##XX##..#
.##$. #XX## .##.
......2XXXX.....
... .XX4X.... .
..##.$##.X##..##
..##..##5X##..##
......†........
.
........[.......


You could see 10 starcursed masses, an orange demon, an ancient zyme, 2 large
abominations, 2 small abominations and an ufetubus.

Vanquished Creatures
  the Royal Jelly (Slime:5)
  Dissolution (Slime:4)
  An ancient lich (WizLab)
  A juggernaut (Depths:4)
  Mennas (Vaults:4)
  Bai Suzhen (Vaults:5)
  Saint Roka (Vaults:2)
  4 golden dragons
  A bone dragon (Abyss:3)
  7 tentacled monstrosities
  A hellephant (Abyss:3)
  Asterion (Depths:3)
  The ghost of Duelies the Warrior, an adept HOMo of Beogh (Elf:3)
  A quicksilver dragon (Vaults:5)
  2 liches (Depths:3)
  2 deep elf master archers (Elf:3)
  A deep elf blademaster (Elf:3)
  8 titans
  Gastronok (Lair:3)
  20 acid blobs
  An ancient champion (WizLab)
  The ghost of centipede the Imperceptible, an adept SpAs of Dithmenos (Vaults:3)
  2 sphinxes
  3 tentacled starspawn (Abyss:3)
  A thorn hunter (Abyss:3)
  8 shadow dragons
  8 storm dragons
  Kirke (Shoals:2)
  10 tengu reavers
  7 nagarajas
  10 azure jellies
  Ilsuiw (Shoals:4)
  14 fire giants
  5 deep elf sorcerers
  14 frost giants
  14 vault wardens
  2 deep elf elementalists
  4 iron dragons
  A caustic shrike zombie (Depths:4)
  A draconian shifter (Depths:5)
  A draconian stormcaller (Depths:5)
  A juggernaut zombie (Depths:4)
  2 spriggan defenders (Depths:4)
  2 reapers
  5 war gargoyles (Vaults:5)
  A cacodemon (Depths:1)
  33 very ugly things
  17 ironheart preservers
  23 stone giants
  12 deep elf demonologists
  2 entropy weavers
  5 spark wasps (Depths:4)
  3 vampire knights
  A black draconian (Depths:5)
  6 deep elf annihilators
  2 purple draconians (Depths:5)
  A spark wasp (shapeshifter) (Vaults:5)
  Snorg (Lair:5)
  A blizzard demon (Hell)
  6 fire dragons
  7 deep elf death magi
  12 ettins
  Josephine (Lair:5)
  7 merfolk javelineers
  13 merfolk impalers
  A crystal guardian (Vaults:3)
  7 death oozes (Slime:5)
  15 ogre magi
  17 great orbs of eyes
  10 ice dragons
  6 deep elf high priests
  Erolcha (Orc:2)
  22 naga warriors
  43 vault guards
  4 spriggan air magi
  23 yaktaur captains
  A monstrous demonspawn (Depths:5)
  13 hydras
  A quicksilver dragon skeleton (Abyss:3)
  A catoblepas (Lair:6)
  A juggernaut simulacrum (Depths:4)
  10 rakshasas
  7 centaur warriors
  8 anacondas
  A death knight (Vaults:2)
  7 death yaks
  6 satyrs
  An alligator snapping turtle (Shoals:4)
  A two-headed ogre (shapeshifter) (Depths:1)
  2 merfolk avatars
  An alligator (shapeshifter) (D:15)
  2 tengu warriors (Depths:3)
  41 two-headed ogres
  A vampire mage (Depths:1)
  6 merfolk aquamancers
  10 deep troll earth magi
  17 deep troll shamans
  28 dancing weapons
  8 shock serpents
  4 hell hogs
  2 thrashing horrors (Abyss:3)
  3 spriggan berserkers (Depths:3)
  26 hell knights
  The ghost of centipede the Covert, a journeyman SpAs of Dithmenos (D:12)
  3 soul eaters
  Sonja (D:11)
  10 naga sharpshooters
  6 orc high priests
  2 sun demons (Depths:1)
  4 wretched stars (Abyss:3)
  6 iron trolls
  22 deep elf knights
  12 sea snakes
  A salamander mystic (Snake:3)
  25 skeletal warriors
  2 sixfirhies (Abyss:3)
  3 glowing orange brains
  5 wizards
  A shadow demon (Depths:5)
  2 swamp dragons (Abyss:3)
  A tengu zombie (Vaults:5)
  4 unseen horrors
  48 deep trolls
  10 naga ritualists
  2 flayed ghosts (Depths:4)
  14 deep elf archers
  19 orc knights
  2 shadow dragon zombies
  13 necromancers
  35 harpies
  4 wolf spiders
  24 ironbrand convokers
  7 phantasmal warriors
  67 ugly things
  8 orc sorcerers
  64 deep elf magi
  4 oklob plants
  8 salamanders
  6 cyclopes
  8 mana vipers
  8 manticores
  17 fauns
  2 shining eyes (shapeshifter)
  10 merfolk sirens
  A sphinx skeleton (Vaults:3)
  6 shining eyes
  2 worldbinders (Abyss:3)
  A fire giant skeleton (Depths:4)
  2 apocalypse crabs (Abyss:3)
  7 elephants
  2 centaur zombies (D:14)
  A stone giant skeleton (Vaults:5)
  An ice statue (IceCv)
  Psyche (D:10)
  An eye of devastation (Abyss:3)
  A guardian serpent (shapeshifter) (D:15)
  9 water nymphs
  5 rust devils
  A water nymph (shapeshifter) (Vaults:5)
  Maurice (Orc:1)
  3 guardian serpents (Snake:3)
  28 naga magi
  5 smoke demons
  18 vault sentinels
  A torpor snail (Lair:4)
  33 black mambas
  3 orange demons
  6 spiny frogs
  6 gargoyles
  4 large abominations (Abyss:3)
  2 human zombies (Vaults:4)
  2 hellions
  2 yaktaur zombies (Vaults:4)
  An elf skeleton (Depths:4)
  6 freezing wraiths
  8 komodo dragons
  3 efreet (Depths:2)
  2 yaktaurs (shapeshifter) (Depths:2)
  7 ice devils
  4 kobold demonologists
  86 yaktaurs
  2 tormentors
  2 hellwings
  3 ancient zymes (Abyss:3)
  3 tengu conjurers
  8 trolls
  4 tyrant leeches (Depths:1)
  A merfolk (shapeshifter) (Vaults:5)
  3 red devils
  18 merfolk
  2 meliai (shapeshifter)
  A hornet (shapeshifter) (Vaults:1)
  6 wind drakes
  Prince Ribbit (D:7)
  A harpy skeleton (D:15)
  7 hornets
  21 polar bears
  7 raiju (Abyss:3)
  A blink frog (shapeshifter) (Vaults:3)
  17 blink frogs
  3 dream sheep (Shoals:3)
  A dream sheep (shapeshifter) (Vaults:5)
  125 slime creatures
  12 snapping turtles
  A frost giant simulacrum (Vaults:3)
  An ettin zombie (Vaults:4)
  7 hippogriffs
  A stone giant simulacrum (Abyss:3)
  6 vampires
  3 spriggans
  10 air elementals
  5 wyverns
  3 ynoxinuls (Abyss:3)
  2 tarantellas (Vaults:4)
  A redback (shapeshifter) (Vaults:5)
  17 water elementals
  3 shadows
  3 redbacks
  6 fire elementals
  6 wraiths
  A wyvern (shapeshifter) (Vaults:4)
  4 neqoxecs
  53 yaks
  2 basilisks
  A fire bat (shapeshifter) (Vaults:4)
  A human (Shoals:2)
  A yak (shapeshifter) (D:15)
  A basilisk (shapeshifter) (Vaults:4)
  2 golden eyes (Slime:3)
  3 chaos spawn
  5 hungry ghosts
  5 hogs (Shoals:2)
  A hog (shapeshifter) (Vaults:3)
  11 vampire mosquitoes
  63 nagas
  4 acid dragons
  4 two-headed ogre zombies (WizLab)
  15 wargs
  A hell hound (Depths:1)
  A soldier ant (shapeshifter) (Depths:4)
  A floating eye (Depths:4)
  11 water moccasins
  Duvessa (D:6)
  5 porcupines
  4 sky beasts
  7 small abominations (Abyss:3)
  79 orc warriors
  3 phantoms
  5 ice beasts
  A sky beast (shapeshifter) (Vaults:2)
  5 black bears
  2 necrophages
  2 hornet zombies
  3 ettin simulacra (Depths:2)
  8 eyes of draining
  An ogre (shapeshifter) (D:15)
  A boggart (shapeshifter) (D:15)
  19 wolves
  57 ogres
  11 boggarts
  33 centaurs
  11 crocodiles
  6 big kobolds
  17 bullfrogs
  A bullfrog (shapeshifter) (Vaults:5)
  6 earth elementals
  Dowan (D:6)
  2 scorpions
  A wyvern skeleton (D:12)
  A water moccasin skeleton (D:9)
  6 troll zombies (WizLab)
  A human simulacrum (Vaults:3)
  14 wights
  13 killer bees
  4 howler monkeys
  2 electric eels (D:12)
  18 crimson imps
  6 hounds
  6 starcursed masses (Abyss:3)
  A bullfrog skeleton (D:11)
  A bullfrog zombie (D:12)
  6 quasits
  5 jellies
  3 centaur skeletons
  43 orc priests
  41 orc wizards
  5 iron imps
  Jessica (D:3)
  7 iguanas
  7 worker ants
  A hell rat (Hell)
  A killer bee zombie (D:9)
  6 ogre zombies (WizLab)
  A hound skeleton (D:8)
  2 worker ant zombies
  Robin (D:2)
  8 gnolls
  A howler monkey zombie (D:5)
  2 howler monkey skeletons
  17 adders
  6 shadow imps
  9 white imps
  4 ufetubi
  An ooze (D:2)
  An adder zombie (D:9)
  4 worms
  3 dart slugs
  3 leopard geckos
  An orc (shapeshifter) (Vaults:5)
  152 orcs
  9 bats
  9 giant cockroaches
  18 goblins
  12 hobgoblins
  6 jackals (D:4)
  29 kobolds
  4 quokkas
  3 ball pythons
  6 frilled lizards
  A jackal skeleton (D:4)
  A leopard gecko skeleton (D:6)
  11 rats
  A bush (Shoals:4)
  A fungus (Lair:5)
  A lurking horror (Abyss:3)
  3 plants
  2 starspawn tentacles (Abyss:3)
2790 creatures vanquished.

Vanquished Creatures (collateral kills)
  A storm dragon (Depths:4)
  An orc warlord (Orc:2)
  A merfolk impaler (Shoals:2)
  A two-headed ogre (D:8)
  A deep elf mage (Elf:2)
  A warg (Orc:2)
  An orc priest (D:8)
  2 orc wizards
  An orc (D:8)
10 creatures vanquished.

Vanquished Creatures (others)
  A lich (Depths:2)
  A revenant (Abyss:3)
  2 yaktaur captains (Vaults:5)
  An unseen horror (D:11)
  A deep elf archer (Elf:1)
  A naga ritualist (Snake:3)
  A necromancer (Depths:3)
  A deep elf mage (Vaults:4)
  A water nymph (Shoals:4)
  A yaktaur (Depths:4)
  A merfolk (Shoals:4)
  A fire elemental (Hell)
  3 dancing weapons
  An ogre (Vaults:5)
  4 starcursed masses (Abyss:3)
  3 hell rats (Hell)
  A briar patch (Abyss:3)
  4 bushes (Shoals:4)
  3 fungi
  13 plants
  3 starspawn tentacles (Abyss:3)
48 creatures vanquished.

Grand Total: 2848 creatures vanquished

Notes
Turn   | Place    | Note
-------+----------+-------------------------------------------
     0 | D:1      | MatthieuS the Centaur Hunter began the quest for the Orb.
     0 | D:1      | Reached XP level 1. HP: 17/17 MP: 1/1
   474 | D:1      | Reached XP level 2. HP: 8/24 MP: 2/2
  1204 | D:1      | Reached skill level 5 in Throwing
  1286 | D:1      | Reached XP level 3. HP: 30/30 MP: 3/3
  1641 | D:2      | Noticed Robin
  1668 | D:2      | Killed Robin
  1672 | D:2      | Reached skill level 3 in Fighting
  1915 | D:2      | Reached XP level 4. HP: 36/38 MP: 4/4
  3160 | D:3      | Noticed Jessica
  3169 | D:3      | Killed Jessica
  3169 | D:3      | Reached XP level 5. HP: 19/45 MP: 5/5
  4165 | D:4      | Noticed a phantom
  4243 | D:4      | Killed a phantom
  4243 | D:4      | Reached skill level 4 in Fighting
  4243 | D:4      | Reached XP level 6. HP: 17/52 MP: 6/6
  4656 | D:4      | Reached skill level 1 in Shields
  5420 | D:5      | Entered Level 5 of the Dungeon
  5424 | D:5      | Found a burning altar of Makhleb.
  5470 | D:5      | Reached XP level 7. HP: 59/60 MP: 7/7
  5504 | D:5      | Reached skill level 5 in Fighting
  5548 | D:5      | Found a burning altar of Makhleb.
  5773 | D:5      | Got a crystal falchion
  5776 | D:5      | Identified the +6 falchion of Division {slice, +Rage +Fly Int-2} (You found it on level 5 of the Dungeon)
  6089 | D:5      | Reached skill level 1 in Long Blades
  6314 | D:6      | Noticed a hungry ghost
  6318 | D:6      | Killed a hungry ghost
  6318 | D:6      | Reached XP level 8. HP: 70/70 MP: 8/8
  6535 | D:6      | Noticed Duvessa
  6537 | D:6      | Noticed Dowan
  6540 | D:6      | Killed Duvessa
  6540 | D:6      | Reached skill level 6 in Fighting
  6557 | D:6      | Killed Dowan
  6577 | D:6      | Found a shimmering altar of Xom.
  7309 | D:7      | Found a bloodstained altar of Trog.
  7326 | D:7      | Reached XP level 9. HP: 65/78 MP: 7/9
  7390 | D:7      | Noticed Prince Ribbit
  7498 | D:7      | Reached skill level 7 in Fighting
  7580 | D:7      | Found Hoetota's Distillery.
  7585 | D:7      | Bought a potion of degeneration for 10 gold pieces
  7585 | D:7      | Bought a potion of curing for 30 gold pieces
  7585 | D:7      | Bought a potion of curing for 30 gold pieces
  7660 | D:7      | Found Yrphomm's Food Shoppe.
  7730 | D:7      | Killed Prince Ribbit
  7986 | D:7      | Found a staircase to the Ecumenical Temple.
  7999 | Temple   | Entered the Ecumenical Temple
  8012 | Temple   | Became a worshipper of Warmaster Okawaru
  8090 | D:8      | Noticed a two-headed ogre
  8192 | D:8      | Noticed a two-headed ogre
  8222 | D:8      | Killed a two-headed ogre
  8222 | D:8      | Reached * piety under Okawaru
  8222 | D:8      | Reached skill level 10 in Throwing
  8230 | D:8      | Killed a two-headed ogre
  8230 | D:8      | Reached ** piety under Okawaru
  8230 | D:8      | Reached skill level 8 in Fighting
  8230 | D:8      | Reached skill level 5 in Long Blades
  8388 | D:8      | Noticed a brown ugly thing
  8427 | D:8      | Killed a brown ugly thing
  8427 | D:8      | Reached XP level 10. HP: 88/88 MP: 10/10
  8550 | D:8      | Found a shadowy altar of Dithmenos.
  8663 | D:8      | Reached *** piety under Okawaru
  9156 | D:9      | Noticed a two-headed ogre
  9167 | D:9      | Received a gift from Okawaru
  9171 | D:9      | Killed a two-headed ogre
  9171 | D:9      | Reached skill level 5 in Dodging
  9194 | D:9      | Reached skill level 9 in Fighting
  9199 | D:9      | Reached **** piety under Okawaru
  9765 | D:9      | Found an opulent altar of Gozag.
 10015 | D:10     | Entered Level 10 of the Dungeon
 10110 | D:10     | Reached XP level 11. HP: 86/97 MP: 9/11
 10140 | D:10     | Reached ***** piety under Okawaru
 10749 | D:10     | Noticed Psyche
 10756 | D:10     | Killed Psyche
 10769 | D:10     | Found a staircase to the Lair.
 11362 | D:11     | Noticed a brown ugly thing
 11381 | D:11     | Killed a brown ugly thing
 11402 | D:11     | Noticed Sonja
 11735 | D:11     | Reached skill level 10 in Fighting
 11754 | D:11     | Reached skill level 1 in Invocations
 11759 | D:11     | Received a gift from Okawaru
 11936 | D:11     | Killed Sonja
 12736 | D:11     | Noticed a two-headed ogre
 12778 | D:11     | Killed a two-headed ogre
 12778 | D:11     | Received a gift from Okawaru
 12911 | D:11     | Got a shimmering chain mail
 12931 | D:11     | Identified the +7 chain mail of Loiff {MR+} (You took it off an orc on level 11 of the Dungeon)
 12946 | D:11     | Noticed a brown ugly thing
 12988 | D:11     | Killed a brown ugly thing
 13034 | D:11     | Received a gift from Okawaru
 13178 | D:11     | Noticed an eight-headed hydra
 13211 | D:11     | Killed an eight-headed hydra
 13211 | D:11     | Reached XP level 12. HP: 107/107 MP: 7/15
 13469 | D:12     | Received a gift from Okawaru
 13544 | D:12     | Noticed centipede's ghost (journeyman SpAs)
 13559 | D:12     | Killed centipede's ghost
 13591 | D:12     | Found a staircase to the Orcish Mines.
 13613 | D:12     | Received a gift from Okawaru
 14009 | D:12     | Reached skill level 5 in Invocations
 14016 | D:12     | Received a gift from Okawaru
 14191 | D:12     | Reached skill level 11 in Fighting
 14484 | D:12     | Reached skill level 1 in Armour
 14974 | Lair:1   | Entered Level 1 of the Lair of Beasts
 15144 | Lair:1   | Found a shimmering altar of Xom.
 15751 | Lair:2   | Found a staircase to the Snake Pit.
 15992 | Lair:2   | Learned a level 3 spell: Inner Flame
 15996 | Lair:2   | Learned a level 3 spell: Tukima's Dance
 16001 | Lair:2   | Learned a level 4 spell: Sticky Flame
 16478 | Lair:3   | Noticed Gastronok
 16491 | Lair:3   | Killed Gastronok
 16491 | Lair:3   | Received a gift from Okawaru
 16701 | Lair:3   | Reached XP level 13. HP: 62/116 MP: 8/17
 17049 | Lair:3   | Reached skill level 1 in Hexes
 17158 | Lair:3   | Found a staircase to the Shoals.
 17331 | Lair:3   | Received a gift from Okawaru
 17691 | Lair:4   | Reached skill level 12 in Fighting
 18100 | Lair:4   | Identified the Papyrus of Flying Earth
 18350 | Lair:4   | Found a runed door.
 18685 | Lair:5   | Noticed Josephine
 18693 | Lair:5   | Killed Josephine
 18693 | Lair:5   | Received a gift from Okawaru
 19028 | Lair:5   | Noticed Snorg
 19039 | Lair:5   | Killed Snorg
 19140 | Lair:5   | Found a staircase to the Slime Pits.
 19141 | Lair:5   | Found a viscous altar of Jiyva.
 19638 | Lair:6   | Entered Level 6 of the Lair of Beasts
 20027 | Lair:6   | Received a gift from Okawaru
 20194 | Lair:6   | Reached XP level 14. HP: 123/127 MP: 20/20
 20322 | Lair:6   | Received a gift from Okawaru
 20347 | Lair:6   | Gained mutation: Your flesh is heat resistant. (rF+) [potion of mutation]
 20347 | Lair:6   | Gained mutation: You are partially covered in iridescent scales. (AC +2) [potion of mutation]
 20347 | Lair:6   | Gained mutation: You have a pair of small antennae on your head. [potion of mutation]
 20770 | Lair:6   | Received a gift from Okawaru
 20782 | Lair:6   | Reached skill level 5 in Hexes
 20903 | Lair:6   | Received a gift from Okawaru
 21131 | Lair:6   | Reached skill level 13 in Fighting
 21574 | Orc:1    | Entered Level 1 of the Orcish Mines
 21647 | Orc:1    | Noticed a stone giant
 21655 | Orc:1    | Killed a stone giant
 21657 | Orc:1    | Noticed Maurice
 21661 | Orc:1    | Killed Maurice
 22113 | Orc:1    | Reached skill level 5 in Armour
 22473 | Orc:2    | Entered Level 2 of the Orcish Mines
 22701 | Orc:2    | Reached skill level 10 in Invocations
 22979 | Orc:2    | Found Lenebue's Weapon Emporium.
 23014 | Orc:2    | Found Cizoxt's Book Shoppe.
 23084 | Orc:2    | Found a roughly hewn altar of Beogh.
 23624 | Orc:2    | Identified the Volume of Feathers
 23639 | Orc:2    | Learned a level 3 spell: Regeneration
 23700 | Orc:2    | Found a staircase to the Elven Halls.
 23773 | Orc:2    | Noticed an orc warlord
 23889 | Orc:2    | Received a gift from Okawaru
 23917 | Orc:2    | Killed an orc warlord
 24046 | Orc:2    | Found a roughly hewn altar of Beogh.
 24153 | Orc:2    | Reached XP level 15. HP: 136/136 MP: 22/22
 24154 | Orc:2    | Found Gepreusm's Antique Armour Emporium.
 24221 | Orc:2    | Noticed Erolcha
 24226 | Orc:2    | Killed Erolcha
 24353 | Orc:2    | Bought a creamy pearl robe for 153 gold pieces
 24353 | Orc:2    | Bought a runed ring mail for 189 gold pieces
 24364 | Orc:2    | Identified the +2 robe of Plog {rPois} (You bought it in a shop on level 2 of the Orcish Mines)
 24433 | Orc:2    | Found Jeonir's Assorted Antiques.
 24470 | Orc:2    | Bought a fizzy black potion for 27 gold pieces
 24470 | Orc:2    | Bought a scroll of teleportation for 90 gold pieces
 24470 | Orc:2    | Bought a potion of curing for 90 gold pieces
 24778 | Orc:2    | Received a gift from Okawaru
 25259 | D:13     | Reached skill level 1 in Fire Magic
 25410 | D:13     | Received a gift from Okawaru
 25739 | D:13     | Received a gift from Okawaru
 26119 | D:14     | Received a gift from Okawaru
 26292 | D:14     | Found a sacrificial altar of Ru.
 26680 | D:14     | Found a gate to the Vaults.
 26882 | D:14     | Received a gift from Okawaru
 26889 | D:14     | Found a portal to a secret trove of treasure.
 26984 | D:14     | Got a scintillating golden amulet
 26986 | D:14     | Identified the amulet of Greed {Faith Dex+5} (You found it on level 14 of the Dungeon)
 27102 | D:14     | Reached skill level 14 in Fighting
 27467 | D:14     | Reached skill level 10 in Long Blades
 27523 | D:15     | Entered Level 15 of the Dungeon
 27578 | D:15     | Received a gift from Okawaru
 27853 | D:15     | Found a frozen archway.
 27861 | IceCv    | Entered an ice cave
 28434 | IceCv    | Received a gift from Okawaru
 28508 | IceCv    | Noticed a frost giant
 28555 | IceCv    | Killed a frost giant
 28568 | IceCv    | Reached XP level 16. HP: 55/147 MP: 18/23
 28569 | IceCv    | Received a gift from Okawaru
 29736 | D:15     | Received a gift from Okawaru
 29742 | D:15     | Got a faintly glowing centaur barding {god gift}
 29753 | D:15     | Identified the +3 centaur barding "Niaheagosk" {+Blink rF- MR+ Slay+6} (Okawaru gifted it to you on level 15 of the Dungeon)
 30053 | D:15     | Found a shimmering altar of Xom.
 30110 | D:15     | Found a staircase to the Depths.
 30757 | Snake:1  | Entered Level 1 of the Snake Pit
 30992 | Snake:1  | Reached skill level 15 in Fighting
 31105 | Snake:1  | Found a flickering gateway to a bazaar.
 31119 | Bazaar   | Entered a bazaar
 31119 | Bazaar   | Found Zezxasum's Gadget Shoppe.
 31119 | Bazaar   | Found Muskeyroe's Book Emporium.
 31120 | Bazaar   | Found Bobe's Armour Shoppe.
 31120 | Bazaar   | Found Epuer's Gadget Emporium.
 31149 | Bazaar   | Bought a book of Misfortune for 260 gold pieces
 31883 | Snake:2  | Found Temutes's Book Boutique.
 31883 | Snake:2  | Found Loanuz's Distillery.
 31883 | Snake:2  | Found Lampawoph's Antique Weapon Boutique.
 31891 | Snake:2  | Bought a potion of curing for 45 gold pieces
 31891 | Snake:2  | Bought 2 potions of curing for 90 gold pieces
 31891 | Snake:2  | Bought a potion of ambrosia for 120 gold pieces
 31891 | Snake:2  | Bought a potion of heal wounds for 75 gold pieces
 31891 | Snake:2  | Bought a potion of curing for 45 gold pieces
 31971 | Snake:2  | Identified a scroll of acquirement
 31999 | Snake:2  | Found Yfus's Book Shoppe.
 32360 | Snake:2  | Found Doarochu's General Store.
 32374 | Snake:2  | Bought a scroll of blinking for 90 gold pieces
 32374 | Snake:2  | Bought a scroll of identify for 24 gold pieces
 32698 | Snake:2  | Received a gift from Okawaru
 32871 | Snake:2  | Found Entitauv's Weapon Emporium.
 32876 | Snake:2  | Found Siagidol's Jewellery Emporium.
 33801 | Snake:3  | Received a gift from Okawaru
 33836 | Snake:3  | Received a gift from Okawaru
 34100 | Snake:3  | Reached XP level 17. HP: 92/156 MP: 22/25
 34347 | Snake:3  | Received a gift from Okawaru
 34937 | Snake:3  | Received a gift from Okawaru
 35202 | Snake:4  | Entered Level 4 of the Snake Pit
 35225 | Snake:4  | Found Dudokk Hounu's Book Shoppe.
 35226 | Snake:4  | Found Elleidieggi's Armour Shoppe.
 35226 | Snake:4  | Found Yzablix's Distillery.
 35231 | Snake:4  | Found Gosepp's Armour Emporium.
 35245 | Snake:4  | Bought a potion of heal wounds for 95 gold pieces
 35245 | Snake:4  | Bought a potion of curing for 57 gold pieces
 35245 | Snake:4  | Bought a potion of might for 76 gold pieces
 35367 | Snake:4  | Received a gift from Okawaru
 35388 | Snake:4  | Reached skill level 10 in Dodging
 35549 | Snake:4  | Received a gift from Okawaru
 35588 | Snake:4  | Received a gift from Okawaru
 35875 | Snake:4  | Reached skill level 16 in Fighting
 36073 | Snake:4  | Received a gift from Okawaru
 36173 | Snake:4  | Reached skill level 15 in Long Blades
 36540 | Snake:4  | Got a serpentine rune of Zot
 37227 | Shoals:1 | Entered Level 1 of the Shoals
 37266 | Shoals:1 | Received a gift from Okawaru
 37367 | Shoals:1 | Reached XP level 18. HP: 166/166 MP: 26/26
 37820 | Shoals:2 | Noticed Kirke
 38083 | Shoals:2 | Received a gift from Okawaru
 38087 | Shoals:2 | Got a jet-encrusted ring mail {god gift}
 38321 | Shoals:2 | Killed Kirke
 38355 | Shoals:2 | Identified the +5 ring mail "Uczani" {*Slow Str+3 SInv} (Okawaru gifted it to you on level 2 of the Shoals)
 38639 | D:14     | You paid a toll of 2 scrolls of acquirement to enter a treasure trove
 38640 | Trove    | Entered a treasure trove
 38648 | Trove    | Got a crude hat
 38676 | Trove    | Identified the +1 hat of Guarche Kocko {Str+8} (You found it in a treasure trove)
 38678 | Trove    | Got a heavily runed marble ring
 38684 | Trove    | Identified the ring "Nufuor" {Fire rN+ Int-3 SInv} (You found it in a treasure trove)
 38689 | Trove    | Got a faintly glowing ruby amulet
 38690 | Trove    | Identified the amulet of Fuqaj {+Rage rN+ Dex+5} (You found it in a treasure trove)
 38750 | D:14     | Got a bloodstained scarf
 38761 | D:14     | Identified the scarf "Goasyeda" {+Blink} (You acquired it on level 14 of the Dungeon)
 39123 | Shoals:2 | Got a heavy robe
 39134 | Shoals:2 | Identified the cursed -5 robe of Misfortune {-Cast *Contam *Tele *Drain EV-5 Stlth-- *Curse} (You found it on level 2 of the Shoals)
 39988 | Shoals:3 | Found Soushrass's Antique Armour Emporium.
 40018 | Shoals:3 | Identified the Compendium of Confrontation and Transformation
 40948 | Shoals:4 | Entered Level 4 of the Shoals
 41271 | Shoals:4 | Reached skill level 5 in Fire Magic
 41292 | Shoals:4 | Received a gift from Okawaru
 42011 | Shoals:4 | Reached skill level 17 in Fighting
 43101 | Snake:4  | Bought +2 gold dragon scales for 1840 gold pieces
 44619 | Shoals:4 | Noticed Ilsuiw
 44657 | Shoals:4 | Killed Ilsuiw
 44657 | Shoals:4 | Reached XP level 19. HP: 107/177 MP: 27/27
 45810 | Shoals:4 | Got a fine short sword {pierce}
 45811 | Shoals:4 | Identified the +5 short sword of Terror {pierce, -Tele +Inv rF- Str+7} (You found it on level 4 of the Shoals)
 46179 | Shoals:4 | Got a barnacled rune of Zot
 46616 | Vaults:1 | Entered Level 1 of the Vaults
 46973 | Vaults:1 | Received a gift from Okawaru
 47529 | Vaults:1 | Received a gift from Okawaru
 49504 | Vaults:2 | Found Kirut's Distillery.
 49512 | Vaults:2 | Bought a potion of might for 56 gold pieces
 49512 | Vaults:2 | Bought a potion of curing for 42 gold pieces
 49657 | Vaults:2 | Received a gift from Okawaru
 49670 | Vaults:2 | Noticed Saint Roka
 49692 | Vaults:2 | Killed Saint Roka
 49692 | Vaults:2 | Reached XP level 20. HP: 90/184 MP: 21/28
 49845 | Vaults:2 | Received a gift from Okawaru
 51017 | Vaults:2 | Received a gift from Okawaru
 51535 | Vaults:3 | Received a gift from Okawaru
 51558 | Vaults:3 | Received a gift from Okawaru
 51647 | Vaults:3 | Found a staircase to the Crypt.
 51647 | Vaults:3 | Found a basalt altar of Yredelemnul.
 51648 | Vaults:3 | Found an ancient bone altar of Kikubaaqudgha.
 52147 | Vaults:3 | Reached ****** piety under Okawaru
 52175 | Vaults:3 | Found Isus's Jewellery Shop.
 52186 | Vaults:3 | Bought a +5 ring of evasion for 660 gold pieces
 52348 | Vaults:3 | Received a gift from Okawaru
 52365 | Vaults:3 | Got an ancient great sword {god gift}
 52366 | Vaults:3 | Identified the +4 great sword of Foul Odors {slice, Str+4} (Okawaru gifted it to you on level 3 of the Vaults)
 52450 | Vaults:3 | Noticed centipede's ghost (adept SpAs)
 52501 | Vaults:3 | Killed centipede's ghost
 53494 | Vaults:4 | Received a gift from Okawaru
 53564 | Vaults:4 | Noticed Mennas
 53596 | Vaults:4 | Killed Mennas
 53596 | Vaults:4 | Reached XP level 21. HP: 112/192 MP: 23/29
 53880 | Vaults:4 | Received a gift from Okawaru
 54198 | Vaults:4 | Received a gift from Okawaru
 54415 | Vaults:4 | Found a sparkling altar of Nemelex Xobeh.
 54705 | Vaults:4 | Reached skill level 18 in Fighting
 54726 | Vaults:4 | Paralysed by a great orb of eyes for 5 turns
 55052 | Depths:1 | Entered Level 1 of the Depths
 55364 | Depths:1 | Received a gift from Okawaru
 55627 | Depths:1 | Found a gateway to Hell.
 56046 | Depths:1 | Got a pitted chain mail
 56047 | Depths:1 | Identified the +11 chain mail "Noitwy" {Int+5} (You found it on level 1 of the Depths)
 56053 | Depths:1 | Gained mutation: You tend to lose your temper in combat. [a neqoxec]
 56070 | Depths:1 | Found a one-way gate leading to the halls of Pandemonium.
 56087 | Depths:1 | Received a gift from Okawaru
 56335 | Depths:2 | Found Vepumev's Antique Weapon Shop.
 57194 | Depths:2 | Paralysed by a wizard for 7 turns
 57656 | Depths:2 | Reached XP level 22. HP: 156/203 MP: 23/30
 57981 | Depths:2 | Found Riurr's Jewellery Shoppe.
 57982 | Depths:2 | Found Pafoliaw's Gadget Shop.
 57982 | Depths:2 | Found Metinayl's Gadget Shop.
 58280 | Depths:2 | Reached skill level 5 in Shields
 58352 | Depths:2 | Received a gift from Okawaru
 58546 | Depths:2 | Received a gift from Okawaru
 58737 | Depths:2 | Got a scorched scale mail
 58738 | Depths:2 | Identified the +4 scale mail of the Final Tales {rElec MR+++ Dex+3} (You found it on level 2 of the Depths)
 59706 | Depths:3 | Noticed Asterion
 59726 | Depths:3 | Killed Asterion
 59886 | Depths:3 | Received a gift from Okawaru
 60271 | Depths:3 | Received a gift from Okawaru
 60488 | Depths:3 | Gained mutation: You are occasionally teleported next to monsters. [mutagenic meat]
 60489 | Depths:3 | Lost mutation: You are partially covered in iridescent scales. (AC +2) [mutagenic meat]
 60492 | Depths:3 | Gained mutation: You have an increased reservoir of magic. (+10% MP) [mutagenic meat]
 60493 | Depths:3 | Gained mutation: Scrolls take you a little longer to read. [mutagenic meat]
 60494 | Depths:3 | Gained mutation: You often lose your temper in combat. [mutagenic meat]
 60495 | Depths:3 | Lost mutation: You are occasionally teleported next to monsters. [mutagenic meat]
 60538 | Depths:3 | Gained mutation: Your spells are a little harder to cast, but a little more powerful. [mutagenic meat]
 60539 | Depths:3 | Gained mutation: You are partially covered in large bone plates. (SH +4) [mutagenic meat]
 60629 | Depths:3 | Received a gift from Okawaru
 61056 | Depths:3 | Lost mutation: Scrolls take you a little longer to read. [potion of mutation]
 61056 | Depths:3 | Lost mutation: You have an increased reservoir of magic. (+10% MP) [potion of mutation]
 61056 | Depths:3 | Lost mutation: Your flesh is heat resistant. (rF+) [potion of mutation]
 61056 | Depths:3 | Gained mutation: You are robust. (+10% HP) [potion of mutation]
 61402 | Depths:3 | Reached XP level 23. HP: 232/232 MP: 31/31
 61769 | Depths:4 | Reached skill level 10 in Shields
 62485 | Depths:4 | Reached skill level 10 in Armour
 62718 | Depths:4 | Noticed a juggernaut
 62768 | Depths:4 | Killed a juggernaut
 62768 | Depths:4 | Reached skill level 19 in Fighting
 62809 | Depths:4 | Received a gift from Okawaru
 63027 | Depths:4 | Received a gift from Okawaru
 63414 | Depths:4 | Got a shimmering leather armour
 63428 | Depths:4 | Identified the +1 leather armour "Toxoesoz" {rN+ Int+3 Dex+4} (You took it off a tengu reaver on level 4 of the Depths)
 63811 | Depths:4 | Received a gift from Okawaru
 64175 | Depths:4 | Gained mutation: Your natural rate of healing is unusually fast. [mutagenic meat]
 64429 | Depths:4 | Received a gift from Okawaru
 64485 | Depths:4 | You fall through a shaft!
 64485 | Depths:5 | Entered Level 5 of the Depths
 64547 | Depths:5 | Found a gateway to a ziggurat.
 64728 | Depths:5 | Found a flickering gateway to a bazaar.
 64733 | Bazaar   | Entered a bazaar
 64740 | Bazaar   | Found Wehu Mok's Antique Weapon Shoppe.
 64751 | Bazaar   | Found Yskostri's Antique Weapon Emporium.
 64767 | Bazaar   | Found Nunwe's Antique Armour Shoppe.
 64778 | Bazaar   | Found Musiycsi's Antique Armour Emporium.
 64823 | Bazaar   | Bought a scorched troll leather armour for 720 gold pieces
 64827 | Bazaar   | Identified the +2 troll leather armour "Roalu Tioc" {rElec rF+ Regen+ Dex-2} (You bought it in a shop in a bazaar)
 64968 | Depths:5 | Found Bimatyube's Quality Used Wands.
 65125 | Depths:5 | Found a gate to the Realm of Zot.
 65232 | Depths:5 | Reached XP level 24. HP: 240/244 MP: 25/31
 65317 | Depths:5 | Got a sparkling steel ring
 65319 | Depths:5 | Identified the ring of Zevvuo {Fire +Inv rElec rPois Stlth+} (You acquired it on level 5 of the Depths)
 65492 | Depths:5 | Received a gift from Okawaru
 66179 | Vaults:5 | Entered Level 5 of the Vaults
 66184 | Vaults:5 | Received a gift from Okawaru
 66474 | Vaults:5 | Noticed Bai Suzhen
 66493 | Vaults:4 | Received a gift from Okawaru
 66510 | Vaults:4 | Got a blackened falchion {god gift}
 66583 | Vaults:4 | Identified the +11 falchion of Imminent Death {slice, rN+ Dex-2 SInv} (Okawaru gifted it to you on level 4 of the Vaults)
 66602 | Vaults:5 | Killed Bai Suzhen
 66621 | Vaults:4 | Reached skill level 20 in Fighting
 67006 | Vaults:4 | Received a gift from Okawaru
 67095 | Vaults:5 | Received a gift from Okawaru
 67616 | Vaults:5 | Reached XP level 25. HP: 256/256 MP: 31/31
 67960 | Vaults:5 | Identified the +2 leather armour "Razapn" {rF- rC+ Str+3} (You found it on level 5 of the Vaults)
 68046 | Vaults:5 | Identified the +4 chain mail of the Republic {+Blink rElec Str-3} (You took it off a deep elf high priest on level 5 of the Vaults)
 68049 | Vaults:5 | Got a silver rune of Zot
 68102 | Vaults:5 | Reached skill level 15 in Dodging
 68143 | Vaults:5 | Gained mutation: You are resistant to hostile enchantments. (MR+) [mutagenic meat]
 68144 | Vaults:5 | Gained mutation: You are very robust. (+20% HP) [mutagenic meat]
 68145 | Vaults:5 | Gained mutation: You are partially covered in yellow scales. (AC +2) [mutagenic meat]
 68505 | Vaults:5 | Identified the Guide on Malediction
 69131 | Vaults:5 | Received a gift from Okawaru
 69211 | Vaults:5 | Got a transparent jade ring
 69213 | Vaults:5 | Identified the ring of Ruonargha {Wiz Int+3} (You found it on level 5 of the Vaults)
 69953 | Snake:2  | Bought an uncursed amulet of regeneration for 540 gold pieces
 70094 | Slime:1  | Entered Level 1 of the Pits of Slime
 70297 | Lair:5   | Reached skill level 15 in Throwing
 70308 | Lair:5   | Received a gift from Okawaru
 70897 | Slime:2  | Received a gift from Okawaru
 71111 | Slime:2  | Gained mutation: You have an uncontrollable temper. [a shining eye]
 71902 | Slime:4  | Noticed Dissolution
 71912 | Slime:4  | Killed Dissolution
 71912 | Slime:4  | Received a gift from Okawaru
 71934 | Slime:4  | Got a distressingly furry hat {god gift}
 71945 | Slime:4  | Identified the +1 hat of Mesmis {rElec MR+ Dex-4} (Okawaru gifted it to you on level 4 of the Pits of Slime)
 72429 | Slime:5  | Entered Level 5 of the Pits of Slime
 72462 | Slime:5  | Found a viscous altar of Jiyva.
 72463 | Slime:5  | Noticed the Royal Jelly
 72492 | Slime:5  | Killed the Royal Jelly
 72777 | Slime:5  | Got a slimy rune of Zot
 72863 | Slime:5  | Gained mutation: You are partially covered in thin metallic scales. (AC +2) [a shining eye]
 72865 | Slime:5  | Gained mutation: You occasionally shout uncontrollably at your foes. [a shining eye]
 72870 | Slime:5  | Reached XP level 26. HP: 251/288 MP: 31/31
 72871 | Slime:5  | Gained mutation: Your body sometimes deteriorates upon taking damage. [a shining eye]
 72875 | Slime:5  | Lost mutation: You are very robust. (+20% HP) [a shining eye]
 72878 | Slime:5  | Gained mutation: You are weak. (Str -2) [a shining eye]
 72915 | Slime:5  | Reached XP level 27. HP: 272/272 MP: 31/31
 73047 | Slime:5  | Lost mutation: Your spells are a little harder to cast, but a little more powerful. [a shining eye]
 73608 | Slime:4  | Gained mutation: You sometimes yell uncontrollably at your foes. [a shining eye]
 73610 | Slime:4  | Gained mutation: You are very weak. (Str -4) [a shining eye]
 74190 | Elf:1    | Entered Level 1 of the Elven Halls
 74230 | Elf:1    | Found a radiant altar of Vehumet.
 74553 | Elf:1    | Received a gift from Okawaru
 74640 | Elf:1    | Found a magical portal.
 74645 | WizLab   | Entered Zonguldrok's Shrine
 74921 | WizLab   | Noticed an antique lich
 74944 | WizLab   | Killed an antique lich
 75745 | Elf:1    | Identified the Volume of Confrontation
 76427 | Elf:2    | Found Iryckuiz's Magic Scroll Boutique.
 76442 | Elf:2    | Bought a scroll of acquirement for 832 gold pieces
 76442 | Elf:2    | Bought a scroll of summoning for 152 gold pieces
 76442 | Elf:2    | Bought a scroll of magic mapping for 56 gold pieces
 76442 | Elf:2    | Bought a scroll of teleportation for 48 gold pieces
 76442 | Elf:2    | Bought a scroll of identify for 32 gold pieces
 76568 | Elf:2    | Found a runed gate.
 76568 | Elf:2    | Found a runed gate.
 76569 | Elf:2    | Found a runed gate.
 76693 | Elf:2    | Received a gift from Okawaru
 76811 | Elf:2    | Got a faintly glowing longbow {god gift}
 76812 | Elf:2    | Identified the +3 longbow of the Fifty Spirits {velocity, Int+3 Dex+7 SInv} (Okawaru gifted it to you on level 2 of the Elven Halls)
 77263 | Elf:3    | Entered Level 3 of the Elven Halls
 77278 | Elf:3    | Noticed Duelies's ghost (adept HOMo)
 77311 | Elf:3    | Killed Duelies's ghost
 77626 | Elf:3    | Reached skill level 21 in Fighting
 77764 | Elf:3    | Got a flickering wooden ring
 77766 | Elf:3    | Identified the ring "Piodo" {-Tele +Fly Dex+8 Slay+3} (You took it off a deep elf blademaster on level 3 of the Elven Halls)
 77841 | Elf:3    | Identified the amulet of Satyriasis {Inacc rElec Str+5 Dex-4} (You found it on level 3 of the Elven Halls)
 77872 | Elf:3    | Got a coiled glass ring
 77895 | Elf:3    | Got a translucent tin amulet
 77897 | Elf:3    | Identified the amulet "Xiukk" {RegenMP rC+++} (You found it on level 3 of the Elven Halls)
 78367 | Elf:3    | Received a gift from Okawaru
 78385 | Elf:3    | Identified the Catalogue of the Scorching Escort
 78409 | Elf:3    | Identified the ring of Husochiq {rF++ rN+ MR+ Dex-5} (You took it off a deep elf high priest on level 3 of the Elven Halls)
 78425 | Elf:3    | Identified Wunuprit's Incunabulum of Attacks
 79304 | Hell     | Entered the Vestibule of Hell
 79304 | Hell     | Noticed Geryon
 79734 | Depths:1 | Received a gift from Okawaru
 79855 | Hell     | Cast into level 3 of the Abyss (reaper)
 80082 | Abyss:3  | Received a gift from Okawaru
 80101 | Abyss:3  | Gained mutation: Scrolls take you a little longer to read. [a neqoxec]
 80110 | Abyss:3  | Lost mutation: Your natural rate of healing is unusually fast. [a neqoxec]
 80237 | Abyss:3  | Found a corrupted altar of Lugonu.
 80255 | Abyss:3  | Gained mutation: You are occasionally teleported next to monsters. [a neqoxec]
 80354 | Abyss:3  | Received a gift from Okawaru
 80512 | Abyss:3  | Got an abyssal rune of Zot
 80750 | Abyss:3  | Lost mutation: Scrolls take you a little longer to read. [potion of mutation]
 80750 | Abyss:3  | Lost mutation: You have an uncontrollable temper. [potion of mutation]
 80750 | Abyss:3  | Lost mutation: You often lose your temper in combat. [potion of mutation]
 80750 | Abyss:3  | Lost mutation: You sometimes yell uncontrollably at your foes. [potion of mutation]
 80750 | Abyss:3  | Lost mutation: You are very weak. (Str -4) [potion of mutation]
 80750 | Abyss:3  | Lost mutation: You are robust. (+10% HP) [potion of mutation]
 80750 | Abyss:3  | Gained mutation: Your flesh is heat resistant. (rF+) [potion of mutation]
 80789 | Abyss:3  | Paralysed by you for 7 turns
 80798 | Abyss:3  | Received a gift from Okawaru
 80805 | Abyss:3  | Paralysed by accursed screaming for 2 turns
 80812 | Abyss:3  | Paralysed by accursed screaming for 2 turns
 80821 | Abyss:3  | Paralysed by accursed screaming for 2 turns
 80830 | Abyss:3  | Paralysed by accursed screaming for 2 turns
 80831 | Abyss:3  | HP: 8/251 [large abomination (11)]
 80831 | Abyss:3  | Slain by an ancient zyme

Skill      XL: |  1  2  3  4  5  6  7  8  9 10 11 12 13 14 15 16 17 18 19 20 21 22 23 24 25 26 27 |
---------------+----------------------------------------------------------------------------------+-----
Throwing       | 5 6 7 8 9 10 11 12 13 18 19 | 19.5
Fighting       | 3 4 5 6 8 9 10 11 12 13 14 15 16 17 18 19 20 21 | 21.5
Shields        | 1 2 9 11 12 13 | 13.0
Long Blades    | 1 3 5 6 8 9 10 13 15 16 19 20 | 20.8
Dodging        | 2 3 4 5 6 7 8 9 10 11 12 13 14 17 18 | 18.5
Invocations    | 4 6 9 10 11 | 11.1
Armour         | 3 4 5 6 7 9 11 12 13 | 13.6
Hexes          | 4 6 7 |  7.7
Fire Magic     | 2 5 7 |  7.0
Stealth        | |  0.4

Action                   |  1- 3 |  4- 6 |  7- 9 | 10-12 | 13-15 | 16-18 | 19-21 | 22-24 | 25-27 || total
-------------------------+-------+-------+-------+-------+-------+-------+-------+-------+-------++-------
Melee: Short sword       |   148 |   138 |       |       |       |       |       |       |       ||   286
       Kick              |    20 |    58 |    35 |   150 |   296 |   521 |   875 |  1117 |   956 ||  4028
       Dagger            |       |   148 |    32 |       |       |       |       |       |       ||   180
       Falchion          |       |       |   105 |   447 |   676 |   198 |       |   399 |  1966 ||  3791
       Triple sword      |       |       |       |       |       |   742 |   413 |       |       ||  1155
       Great sword       |       |       |       |       |       |       |  1015 |       |       ||  1015
       Demon blade       |       |       |       |       |       |       |    57 |  1471 |       ||  1528
       Double sword      |       |       |       |       |       |       |       |       |   111 ||   111
Throw: Javelin           |    25 |    28 |    17 |   211 |   400 |   302 |   246 |   256 |   236 ||  1721
       Throwing net      |     2 |       |       |       |     5 |       |       |     2 |       ||     9
       Tomahawk          |       |    19 |   116 |   282 |  1073 |   421 |   317 |     2 |     2 ||  2232
 Cast: Tukima's Dance    |       |       |       |       |     1 |    32 |       |       |       ||    33
       Inner Flame       |       |       |       |       |       |    15 |       |       |       ||    15
Invok: Heroism           |       |       |       |    17 |    37 |    52 |    30 |    28 |    28 ||   192
       Finesse           |       |       |       |     6 |    20 |    21 |     6 |    19 |    11 ||    83
 Abil: Evoke Berserk Rag |       |       |       |     1 |       |       |       |       |       ||     1
Evoke: Wand              |       |       |       |     2 |     7 |     1 |       |       |       ||    10
       Lightning rod     |       |       |       |       |       |       |     1 |       |       ||     1
       Box of beasts     |       |       |       |       |       |       |       |     2 |       ||     2
  Use: Potion            |       |     2 |     1 |       |    13 |     6 |    10 |     7 |    14 ||    53
       Scroll            |       |       |    11 |     9 |    17 |    19 |     5 |    13 |    12 ||    86
 Stab: Distracted        |       |       |       |       |       |       |     1 |     2 |     1 ||     4
       Paralysed         |       |       |       |       |       |       |       |       |     3 ||     3
       Sleeping          |       |       |       |       |       |       |       |       |     2 ||     2
  Eat: Chunk             |    15 |    10 |    16 |    29 |    24 |    14 |    26 |    26 |    16 ||   176
       Meat ration       |       |       |       |     1 |       |     1 |     1 |     1 |     6 ||    10
       Fruit             |       |       |       |       |       |    15 |     7 |     5 |       ||    27
       Bread ration      |       |       |       |       |       |     4 |     1 |       |       ||     5
       Royal jelly       |       |       |       |       |       |       |     3 |     3 |       ||     6
Armor: Leather armour    |    36 |   121 |    42 |       |       |    18 |       |       |       ||   217
       Scale mail        |       |       |       |   111 |       |       |       |       |       ||   111
       Chain mail        |       |       |       |   192 |    68 |       |       |       |       ||   260
       Troll leather arm |       |       |       |       |    79 |   307 |       |   109 |   374 ||   869
       Ring mail         |       |       |       |       |   168 |   101 |       |       |       ||   269
       Gold dragon scale |       |       |       |       |       |    66 |   731 |   359 |       ||  1156
       Skin              |       |       |       |       |       |     3 |       |       |       ||     3
Dodge: Dodged            |    62 |   140 |    51 |   167 |   411 |   865 |  1010 |   823 |   611 ||  4140
       Deflected         |       |       |       |       |     1 |    11 |   107 |    31 |     5 ||   155
Block: Buckler           |       |    17 |    34 |   104 |   164 |    46 |       |       |       ||   365
       Large shield      |       |       |       |       |       |       |    51 |  1710 |  1706 ||  3467
       Reflection        |       |       |       |       |       |       |     1 |    62 |    95 ||   158
       Rpst.: Falchion   |       |       |    18 |    37 |    90 |    23 |       |    29 |   113 ||   310
       Triple sword      |       |       |       |       |       |   158 |    42 |       |       ||   200
       Great sword       |       |       |       |       |       |       |   159 |       |       ||   159
       Demon blade       |       |       |       |       |       |       |    11 |   102 |       ||   113
       Double sword      |       |       |       |       |       |       |       |       |     8 ||     8
